PBL
NEW JERSEY DEVILS @ BROCKTON ROX
09/02/2048
 
TOP OF THE 1ST
New Jersey Devils batting - Pitching for Brockton Rox : RHP Johnny Lucero
Pitching: RHP Johnny Lucero
Batting: LHB Randolph Brodbeck 0-0: Ball
1-0: Called Strike
1-1: Foul Ball, location: 2F
1-2: Ball
2-2: Ball
3-2: SINGLE (Groundball, 6D, EV 100.6 MPH)
Batting: RHB Sergio Andrada 0-0: Ball
1-0: Called Strike
1-1: Grounds into double play, 5-4-3 (Groundball, 56, EV 80.0 MPH)
Batting: RHB Warren Carmichael 0-0: Foul Ball, location: 2F
0-1: Fly out, F8 (Flyball, 8LM, EV 96.2 MPH)
Top of the 1st over - 0 runs, 1 hit, 0 errors, 0 left on base; New Jersey 0 - Brockton 0
BOTTOM OF THE 1ST
Brockton Rox batting - Pitching for New Jersey Devils : RHP Nick Rutscher
Pitching: RHP Nick Rutscher
Batting: RHB Bob Reichley 0-0: Ball
1-0: Foul Ball, location: 2F
1-1: Ball
2-1: Called Strike
2-2: Strikes out looking
Batting: LHB Kenny Jackson 0-0: Ball
1-0: Called Strike
1-1: Called Strike
1-2: Ball
2-2: Strikes out swinging
Batting: RHB Matt Walker 0-0: Ball
1-0: Foul Ball, location: 2F
1-1: Foul Ball, location: 2F
1-2: Strikes out swinging
Bottom of the 1st over - 0 runs, 0 hits, 0 errors, 0 left on base; New Jersey 0 - Brockton 0
TOP OF THE 2ND
New Jersey Devils batting - Pitching for Brockton Rox : RHP Johnny Lucero
Batting: RHB Jacob Olander 0-0: Called Strike
0-1: Swinging Strike
0-2: Ball
1-2: Ground out 5-3 (Groundball, 56, EV 88.8 MPH)
Batting: LHB Rick Vallis 0-0: Ball
1-0: SOLO HOME RUN (Flyball, 89XD, EV 111.9 MPH), Distance : 432 ft
Batting: SHB Ernesto Mazas 0-0: Ball
1-0: Fly out, F2 (Popup, 23F, EV 87.5 MPH)
Batting: RHB Craig Alvarado 0-0: Ball
1-0: Foul Ball, location: 2F
1-1: Ball
2-1: Ball
3-1: SINGLE (Line Drive, 3D, EV 105.6 MPH)
Batting: RHB Oscar Ramirez 0-0: Ball
1-0: Swinging Strike
1-1: Foul Ball, location: 2F
1-2: Strikes out swinging
Top of the 2nd over - 1 run, 2 hits, 0 errors, 1 left on base; New Jersey 1 - Brockton 0
BOTTOM OF THE 2ND
Brockton Rox batting - Pitching for New Jersey Devils : RHP Nick Rutscher
Batting: LHB Eric Gaugler 0-0: Foul Ball, location: 2F
0-1: Ball
1-1: Ball
2-1: Ball
3-1: Base on Balls
Batting: RHB Ryan Davis 0-0: Ball
1-0: Called Strike
1-1: Fly out, F8 (Flyball, 89M, EV 76.2 MPH)
Batting: SHB Mel Gonzalez 0-0: Ball
1-0: Swinging Strike
1-1: Ball
2-1: Ball
3-1: Base on Balls
Eric Gaugler to second
Batting: RHB Jose Blocker 0-0: Called Strike
0-1: Ball
1-1: Swinging Strike
1-2: Strikes out swinging
Batting: LHB Alexis Toxqui 0-0: Ball
1-0: Fly out, F9 (Flyball, 9D, EV 97.5 MPH)
Bottom of the 2nd over - 0 runs, 0 hits, 0 errors, 2 left on base; New Jersey 1 - Brockton 0
TOP OF THE 3RD
New Jersey Devils batting - Pitching for Brockton Rox : RHP Johnny Lucero
Batting: LHB Matt Reynolds 0-0: Swinging Strike
0-1: Foul Ball, location: 2F
0-2: Strikes out looking
Batting: LHB Randolph Brodbeck 0-0: Ball
1-0: Called Strike
1-1: Ground out 4-3 (Groundball, 34D, EV 101.9 MPH)
Batting: RHB Sergio Andrada 0-0: Fly out, F5 (Popup, 56S, EV 75.6 MPH)
Top of the 3rd over - 0 runs, 0 hits, 0 errors, 0 left on base; New Jersey 1 - Brockton 0
BOTTOM OF THE 3RD
Brockton Rox batting - Pitching for New Jersey Devils : RHP Nick Rutscher
Batting: LHB Darby Starburster 0-0: Called Strike
0-1: Foul Ball, location: 2F
0-2: Ball
1-2: Strikes out looking
Batting: RHB Bob Reichley 0-0: Called Strike
0-1: Swinging Strike
0-2: Fly out, F5 (Popup, 5F, EV 65.6 MPH)
Batting: LHB Kenny Jackson 0-0: Ball
1-0: Ball
2-0: Called Strike
2-1: Ball
3-1: Foul Ball, location: 2F
3-2: Strikes out swinging, 2-3 out at first.
Bottom of the 3rd over - 0 runs, 0 hits, 0 errors, 0 left on base; New Jersey 1 - Brockton 0
TOP OF THE 4TH
New Jersey Devils batting - Pitching for Brockton Rox : RHP Johnny Lucero
Batting: RHB Warren Carmichael 0-0: Swinging Strike
0-1: SOLO HOME RUN (Line Drive, 78XD, EV 108.8 MPH), Distance : 441 ft
Batting: RHB Jacob Olander 0-0: Ball
1-0: Called Strike
1-1: Swinging Strike
1-2: Foul Ball, location: 2F
1-2: Ball
2-2: Foul Ball, location: 2F
2-2: Strikes out looking
Batting: LHB Rick Vallis 0-0: Ball
1-0: Fly out, F8 (Flyball, 78M, EV 88.1 MPH)
Batting: SHB Ernesto Mazas 0-0: Ball
1-0: Ball
2-0: Called Strike
2-1: SOLO HOME RUN (Flyball, 9D, EV 99.4 MPH), Distance : 392 ft
Batting: RHB Craig Alvarado 0-0: Ball
1-0: Ball
2-0: Called Strike
2-1: Fly out, F8 (Flyball, 78D, EV 85.6 MPH)
Top of the 4th over - 2 runs, 2 hits, 0 errors, 0 left on base; New Jersey 3 - Brockton 0
BOTTOM OF THE 4TH
Brockton Rox batting - Pitching for New Jersey Devils : RHP Nick Rutscher
Batting: RHB Matt Walker 0-0: Ball
1-0: Ball
2-0: Called Strike
2-1: Ground out 1-3 (Groundball, 34S, EV 72.5 MPH)
Batting: LHB Eric Gaugler 0-0: Called Strike
0-1: Ball
1-1: Ball
2-1: Ball
3-1: Fly out, F9 (Flyball, 89S, EV 95.0 MPH)
Batting: RHB Ryan Davis 0-0: Fly out, F9 (Flyball, 9D, EV 104.4 MPH)
Bottom of the 4th over - 0 runs, 0 hits, 0 errors, 0 left on base; New Jersey 3 - Brockton 0
TOP OF THE 5TH
New Jersey Devils batting - Pitching for Brockton Rox : RHP Johnny Lucero
Batting: RHB Oscar Ramirez 0-0: Called Strike
0-1: Ball
1-1: Ball
2-1: Ball
3-1: Fly out, F8 (Line Drive, 8LD, EV 108.1 MPH)
Batting: LHB Matt Reynolds 0-0: Ball
1-0: Swinging Strike
1-1: Ground out U3 (Groundball, 3, EV 86.2 MPH)
Batting: LHB Randolph Brodbeck 0-0: Called Strike
0-1: Ball
1-1: Swinging Strike
1-2: SINGLE (Line Drive, 8LS, EV 105.6 MPH)
Batting: RHB Sergio Andrada 0-0: Called Strike
0-1: Fly out, F9 (Line Drive, 89S, EV 100.6 MPH)
Top of the 5th over - 0 runs, 1 hit, 0 errors, 1 left on base; New Jersey 3 - Brockton 0
BOTTOM OF THE 5TH
Brockton Rox batting - Pitching for New Jersey Devils : RHP Nick Rutscher
Batting: SHB Mel Gonzalez 0-0: Called Strike
0-1: Ball
1-1: Ball
2-1: Called Strike
2-2: Strikes out looking
Batting: RHB Jose Blocker 0-0: Ball
1-0: Foul Ball, location: 2F
1-1: Ball
2-1: Foul Ball, location: 2F
2-2: Foul Ball, location: 2F
2-2: Fly out, F9 (Flyball, 9LSF, EV 91.2 MPH)
Batting: LHB Alexis Toxqui 0-0: Ball
1-0: Ball
2-0: Ball
3-0: Called Strike
3-1: Base on Balls
Batting: LHB Darby Starburster 0-0: Called Strike
0-1: Called Strike
0-2: Strikes out swinging
Bottom of the 5th over - 0 runs, 0 hits, 0 errors, 1 left on base; New Jersey 3 - Brockton 0
TOP OF THE 6TH
New Jersey Devils batting - Pitching for Brockton Rox : RHP Johnny Lucero
Batting: RHB Warren Carmichael 0-0: Called Strike
0-1: Ground out U3 (Groundball, 34, EV 105.0 MPH)
Batting: RHB Jacob Olander 0-0: Fly out, F9 (Flyball, 89M, EV 86.2 MPH)
Batting: LHB Rick Vallis 0-0: Ball
1-0: Swinging Strike
1-1: Ball
2-1: Called Strike
2-2: Ball
3-2: Fly out, F7 (Flyball, 7S, EV 86.9 MPH)
Top of the 6th over - 0 runs, 0 hits, 0 errors, 0 left on base; New Jersey 3 - Brockton 0
BOTTOM OF THE 6TH
Brockton Rox batting - Pitching for New Jersey Devils : RHP Nick Rutscher
Batting: RHB Bob Reichley 0-0: Ball
1-0: SINGLE (Line Drive, 7LM, EV 109.4 MPH)
Batting: LHB Kenny Jackson 0-0: Ball
1-0: Ball
2-0: 2-RUN HOME RUN (Flyball, 9D, EV 100.0 MPH), Distance : 387 ft
Batting: RHB Matt Walker 0-0: Swinging Strike
0-1: Ground out 6-3 (Groundball, 6, EV 91.9 MPH)
Batting: LHB Eric Gaugler 0-0: Foul Ball, location: 2F
0-1: Foul Ball, location: 2F
0-2: Ball
1-2: Ball
2-2: Foul Ball, location: 2F
2-2: Ground out U3 (Groundball, 34S, EV 81.2 MPH)
Batting: RHB Ryan Davis 0-0: Ball
1-0: Called Strike
1-1: Called Strike
1-2: Strikes out swinging
Bottom of the 6th over - 2 runs, 2 hits, 0 errors, 0 left on base; New Jersey 3 - Brockton 2
TOP OF THE 7TH
New Jersey Devils batting - Pitching for Brockton Rox : RHP Johnny Lucero
Batting: SHB Ernesto Mazas 0-0: Called Strike
0-1: Ball
1-1: SINGLE (Groundball, 6MS, EV 68.8 MPH) (infield hit)
Pitching: RHP Steve Seaman
Batting: RHB Craig Alvarado 0-0: Ball
1-0: Sac Bunt to 5S - play at first, batter OUT! 5-3
Ernesto Mazas to second
Batting: RHB Oscar Ramirez 0-0: Ball
1-0: SINGLE (Groundball, 6MD, EV 99.4 MPH)
Ernesto Mazas to third
Batting: LHB Matt Reynolds 0-0: Ball
1-0: Called Strike
1-1: Ball
2-1: Ball
3-1: Called Strike
3-2: Base on Balls
Oscar Ramirez to second
Batting: LHB Randolph Brodbeck 0-0: Ball
1-0: Ball
2-0: Foul Ball, location: 2F
2-1: Called Strike
2-2: Ball
3-2: Strikes out swinging
Batting: RHB Sergio Andrada 0-0: Fielders Choice at 2nd, 5-4 (Groundball, 56, EV 101.2 MPH)
Top of the 7th over - 0 runs, 2 hits, 0 errors, 3 left on base; New Jersey 3 - Brockton 2
BOTTOM OF THE 7TH
Brockton Rox batting - Pitching for New Jersey Devils : RHP Nick Rutscher
Batting: SHB Mel Gonzalez 0-0: Called Strike
0-1: Called Strike
0-2: Ball
1-2: Strikes out looking
Batting: RHB Jose Blocker 0-0: Called Strike
0-1: Foul Ball, location: 2F
0-2: Ball
1-2: Ball
2-2: Foul Ball, location: 2F
2-2: Foul Ball, location: 2F
2-2: Foul Ball, location: 2F
2-2: Strikes out swinging
Pinch Hitting: RHB Joe Lewis 0-0: Ball
1-0: SINGLE (Flyball, 8LS, EV 87.5 MPH)
Pitching: LHP Jesus Espitia
Pinch Hitting: RHB Eric McClelland 0-0: Fly out, F9 (Flyball, 89S, EV 89.4 MPH)
Bottom of the 7th over - 0 runs, 1 hit, 0 errors, 1 left on base; New Jersey 3 - Brockton 2
TOP OF THE 8TH
New Jersey Devils batting - Pitching for Brockton Rox : RHP Steve Seaman
Now at 2B: Joe Lewis
Now at SS: Kenny Jackson
Now in RF: Panam Palmer
Batting: RHB Warren Carmichael 0-0: Ball
1-0: Swinging Strike
1-1: Foul Ball, location: 2F
1-2: Fly out, F9 (Flyball, 9LM, EV 87.5 MPH)
Batting: RHB Juan Medina 0-0: Ball
1-0: SINGLE (Line Drive, 8LS, EV 96.2 MPH)
Batting: LHB Rick Vallis 0-0: Ball
1-0: Ball
2-0: Swinging Strike
2-1: Ball
3-1: Called Strike
3-2: Foul Ball, location: 2F
3-2: Fly out, F7 (Flyball, 7S, EV 78.8 MPH)
Batting: SHB Ernesto Mazas 0-0: Ball
1-0: Ball
2-0: Hit by Pitch
Juan Medina to second
Batting: RHB Craig Alvarado 0-0: Called Strike
0-1: Swinging Strike
0-2: Ball
1-2: Strikes out looking
Top of the 8th over - 0 runs, 1 hit, 0 errors, 2 left on base; New Jersey 3 - Brockton 2
BOTTOM OF THE 8TH
Brockton Rox batting - Pitching for New Jersey Devils : LHP Jesus Espitia
Pitching: RHP Ken Tayo
Batting: RHB Bob Reichley 0-0: Ball
1-0: Ball
2-0: SINGLE (Line Drive, 7S, EV 96.9 MPH)
Batting: LHB Kenny Jackson 0-0: Called Strike
0-1: Grounds into double play, 4-6-3 (Groundball, 4, EV 101.9 MPH)
Batting: RHB Matt Walker 0-0: SINGLE (Flyball, 8RS, EV 93.1 MPH)
Pitching: LHP Archie Creelman
Batting: LHB Eric Gaugler 0-0: Ball
1-0: Ground out U3 (Groundball, 3S, EV 81.2 MPH)
Bottom of the 8th over - 0 runs, 2 hits, 0 errors, 1 left on base; New Jersey 3 - Brockton 2
TOP OF THE 9TH
New Jersey Devils batting - Pitching for Brockton Rox : RHP Steve Seaman
Batting: RHB Oscar Ramirez 0-0: Ball
1-0: Ball
2-0: Foul Ball, location: 2F
2-1: Foul Ball, location: 2F
2-2: Foul Ball, location: 2F
2-2: Strikes out swinging
Batting: LHB Matt Reynolds 0-0: SINGLE (Groundball, 6MS, EV 70.0 MPH) (infield hit)
Pitching: LHP Luis Izquierdo
Batting: LHB Randolph Brodbeck 0-0: Foul Ball, location: 2F
0-1: Ball
1-1: Ball
2-1: Ball
3-1: Base on Balls
Matt Reynolds to second
Batting: RHB Sergio Andrada 0-0: Called Strike
0-1: Swinging Strike
0-2: Ball
1-2: Strikes out swinging
Batting: RHB Warren Carmichael 0-0: Called Strike
0-1: Ball
1-1: Swinging Strike
1-2: Ball
2-2: Ball
3-2: Base on Balls
Matt Reynolds to third
Randolph Brodbeck to second
Batting: RHB Juan Medina 0-0: Ball
1-0: SINGLE (Line Drive, 9S, EV 99.4 MPH)
Matt Reynolds scores
Randolph Brodbeck to third
Warren Carmichael to second
Runner from 3rd tries for Home, SAFE, throw by RF to home
Pinch Hitting: RHB Eric Zylstra 0-0: Foul Ball, location: 2F
0-1: Ball
1-1: Ball
2-1: Reached on error, E6 (Groundball, 6, EV 85.0 MPH)
Warren Carmichael to third
Juan Medina to second
Batting: SHB Ernesto Mazas 0-0: Ball
1-0: Fly out, F8 (Flyball, 8LM, EV 82.5 MPH)
Top of the 9th over - 2 runs, 2 hits, 1 error, 3 left on base; New Jersey 5 - Brockton 2
BOTTOM OF THE 9TH
Brockton Rox batting - Pitching for New Jersey Devils : LHP Archie Creelman
Pitching: RHP Mike Whitaker
Now at C: Brian Jones
Batting: RHB Ryan Davis 0-0: Ground out 6-3 (Groundball, 6M, EV 85.0 MPH)
Pinch Hitting: SHB Jose Santiago 0-0: SOLO HOME RUN (Flyball, 89XD, EV 106.9 MPH), Distance : 415 ft
Batting: RHB Jose Blocker 0-0: Ball
1-0: Ball
2-0: Ball
3-0: Base on Balls
Batting: RHB Joe Lewis 0-0: Foul Ball, location: 2F
0-1: Ball
1-1: Foul Ball, location: 2F
1-2: Strikes out swinging
Pinch Hitting: RHB Wayne Whimster 0-0: Called Strike
0-1: DOUBLE (Groundball, 5L, EV 105.0 MPH)
Jose Blocker to third
Batting: RHB Bob Reichley 0-0: Called Strike
0-1: Foul Ball, location: 2F
0-2: Ball
1-2: Strikes out swinging
Bottom of the 9th over - 1 run, 2 hits, 0 errors, 2 left on base; New Jersey 5 - Brockton 3
Tuesday, March 28th , 2023 - OOTP Baseball 23.10 Build 110